AoeStats
← _YuX_

Migration

509485027Analyzed
1v1 RM · 4d ago on Sep 26, 2026· 40m 33s· 2 players
Game mode
Random Map
Map size
132×132
Population
200
Speed
Normal
Resources
Standard
Victory
Conquest
Starting age
Dark Age
Ending age
Imperial Age
RankedLock teamsTeams togetherTeam positionsShared explorationLock speedFull tech treeHidden civsTurbo modeCheats
Victory
Defeat
🇨🇱 Byzantines · Chile
1443
+17
🇦🇷 Italians · Argentina
1467
-17
[LAK] GGenaroAoE
10:58 Feudal Age
11:42 Double-Bit Axe
12:36 Fletching
17:50 Castle Age
18:29 Bodkin Arrow
18:46 Medium Warships
21:01 Bow Saw
25:45 Fishing Lines
29:40 Imperial Age
27:38 Loom
28:29 Wheelbarrow
30:41 Gold Mining
33:11 Chemistry
33:03 Gold Shaft Mining
32:19 Stone Mining
33:21 Conscription
34:29 Padded Archer Armor
34:30 Bracer
36:03 Stone Shaft Mining
36:10 Leather Archer Armor
37:49 Elite Skirmisher
39:50 Ring Archer Armor
39:43 Ballistics
_YuX_
9:51 Feudal Age
13:34 Castle Age
12:20 Double-Bit Axe
15:19 Loom
21:38 Horse Collar
24:28 Fletching
28:42 Imperial Age
26:25 Gold Mining
27:38 Wheelbarrow
27:22 Bodkin Arrow
31:06 Chemistry
30:14 Bracer
32:50 Padded Archer Armor
34:54 Leather Archer Armor
35:12 Hand Cart
Connection lost

Rejoining the realm…

Still unreachable

The connection could not be restored.

Session expired

The server has moved on; the page needs a fresh start.